 Dungeon Crawl Stone Soup version 0.28.0-45-g0d030f2227 (webtiles) character file.

Game seed: 8693183646959155748

630 dianekeaton the Ruffian (level 7, -2/59 HPs)
             Began as a Troll Hedge Wizard on Apr 13, 2022.
             Was an Initiate of Okawaru.
             Shot with an arrow by a centaur (13 damage)
             ... on level 4 of the Dungeon.
             The game lasted 00:13:48 (4769 turns).

dianekeaton the Ruffian (Troll Hedge Wizard)        Turns: 4769, Time: 00:13:49

Health: -2/59      AC:  5    Str: 19    XL:     7   Next: 24%
Magic:  10/10      EV:  9    Int: 12    God:    Okawaru [......]
Gold:   112        SH:  0    Dex:  9    Spells: 7/11 levels left

rFire   . . .      SeeInvis .     - Unarmed
rCold   . . .      Faith    .   (no shield)
rNeg    . . .      Spirit   .   b - +1 robe
rPois   .          Reflect  .   c - +0 hat
rElec   .          Harm     .   (no cloak)
rCorr   .          Rampage  .   (gloves unavailable)
Will    .....                   (boots unavailable)
Stlth   +.........              (no amulet)
HPRegen 0.99/turn               (no ring)
MPRegen 0.12/turn               (no ring)

@: no status effects
A: large, unfitting armour, claws 3, regeneration 1, shaggy fur 1, tough skin 1
a: Renounce Religion


You were on level 4 of the Dungeon.
You worshipped Okawaru.
Okawaru was noncommittal.
You visited 2 branches of the dungeon, and saw 5 of its levels.

You collected 112 gold pieces.

Inventory:

Missiles
 n - a throwing net
Armour
 b - a +1 robe (worn)
 c - a +0 hat (worn)
Jewellery
 j - an amulet of regeneration
Wands
 i - a wand of flame (10)
Scrolls
 a - a scroll of amnesia {unknown}
 e - a scroll of blinking {unknown}
 h - a scroll of identify
 l - a scroll of vulnerability {unknown}
 o - a scroll of enchant armour
Potions
 d - a potion of curing
 f - 2 potions of mutation {unknown}
 g - a potion of resistance {unknown}
 k - 2 potions of heal wounds {unknown}
 m - a potion of brilliance
 p - a potion of degeneration {unknown}
 q - a potion of haste {unknown}


   Skills:
 - Level 1.5 Dodging
 - Level 1.0 Stealth
 - Level 5.0 Unarmed Combat
 - Level 2.9 Spellcasting
 + Level 1.6 Conjurations
 - Level 0.6 Summonings
 - Level 0.6 Translocations
 + Level 2.6 Air Magic


You had 7 spell levels left.
You knew the following spells:

 Your Spells              Type           Power      Damage    Failure   Level
a - Magic Dart            Conj           20%        1d4       12%         1
b - Mephitic Cloud        Conj/Pois/Air  5%         N/A       38%         3

Your spell library contained the following spells:

 Spells                   Type           Power      Damage    Failure   Level
 Searing Ray              Conj           10%        2d4       19%         2
 Slow                     Hex            4%         N/A       26%         1
 Blink                    Tloc           6%         N/A       28%         2
 Conjure Flame            Conj/Fire      3%         6-21      47%         3
 Fulminant Prism          Conj/Hex       1%         3d6       87%         4
 Call Imp                 Summ           Unusable   N/A       N/A         2

Dungeon Overview and Level Annotations

Branches:
Dungeon (4/15)             Temple (1/1) D:4

Altars:
Ashenzari
Cheibriados
Dithmenos
Elyvilon
Fedhas
Hepliaklqana
Kikubaaqudgha
Makhleb
Nemelex Xobeh
Okawaru
Qazlal
Ru
Sif Muna
Uskayaw
Vehumet
Wu Jian
Xom
Yredelemnul
Zin
The Shining One

Annotations:
D:3 1 runed translucent door, Crazy Yiuf


Innate Abilities, Weirdness & Mutations

You are too large for most types of armour.
You have claws for hands.
Your natural rate of healing is unusually fast.
You are covered in fur. (AC +1)
You have tough skin. (AC +1)


Message History

The black bear bites you.
The black bear claws you but does no damage. x2
You claw the black bear!
The black bear is almost dead.
The black bear bites you. The black bear claws you.
The black bear completely misses you.
You claw the black bear!
You kill the black bear!
Okawaru accepts your kill.
Your magical contamination has completely faded away.
HP restored.
Magic restored.
You now have 112 gold pieces (gained 11).
q - a lumpy amethyst potion A centaur comes into view.
Found a stone staircase leading up.
The centaur shouts!
The centaur wields a +0 shortbow.
The centaur shoots an arrow.
The arrow hits you.
The centaur shoots an arrow.
The arrow hits you!
The centaur shoots an arrow.
The arrow barely misses you.
The centaur shoots an arrow.
The arrow hits you.
The centaur shoots an arrow.
The arrow hits you!
The centaur shoots an arrow.
The arrow hits you.
The centaur shoots an arrow.
The arrow hits you.
The centaur shoots an arrow.
The arrow completely misses you.
The centaur shoots an arrow.
The arrow hits you!
The centaur shoots an arrow.
The arrow hits you.
* * * LOW HITPOINT WARNING * * *
The centaur shoots an arrow.
The arrow hits you.
* * * LOW HITPOINT WARNING * * *
The centaur shoots an arrow.
The arrow hits you!
* * * LOW HITPOINT WARNING * * *
Okay, then.
You feel better.
The centaur shoots an arrow.
The arrow hits you.
* * * LOW HITPOINT WARNING * * *
The centaur shoots an arrow.
The arrow closely misses you.
The centaur shoots an arrow.
The arrow hits you!
You die...

........##.....####.....#
#.######## #.###.# #.#
#.# #.# #c# #.###.#
#.######### #.....#
#.#.......#####.###
#.#.####........#
#.#.####..#######
#c.@......# ###.#####.#
#.#####.# #.......#
#########


You could see a centaur.

Vanquished Creatures
  Sigmund (D:3)
  A black bear (D:4)
  A hound (D:3)
  2 iguanas
  Jessica (D:2)
  Ijyb (D:3)
  Robin (D:2)
  11 gnolls
  4 adders
  A worm (D:3)
  A dart slug (D:3)
  An orc (D:3)
  4 endoplasms
  5 giant cockroaches
  12 goblins
  11 hobgoblins
  4 jackals
  3 quokkas
  9 ball pythons
  6 bats
  A frilled lizard (D:1)
  8 kobolds
  3 rats
92 creatures vanquished.

Vanquished Creatures (others)
  3 plants (D:4)
3 creatures vanquished.

Grand Total: 95 creatures vanquished

Notes
Turn   | Place    | Note
-------+----------+-------------------------------------------
     0 | D:1      | dianekeaton the Troll Hedge Wizard began the quest for the
                  | Orb.
     0 | D:1      | Reached XP level 1. HP: 16/16 MP: 2/2
    80 | D:1      | Reached skill level 1 in Unarmed Combat
    96 | D:1      | Reached XP level 2. HP: 24/24 MP: 2/4
   169 | D:1      | Reached skill level 2 in Unarmed Combat
   662 | D:1      | Reached XP level 3. HP: 29/31 MP: 5/5
   666 | D:1      | Learned a level 3 spell: Mephitic Cloud
   852 | D:1      | Found a faded altar of an unknown god.
  1142 | D:2      | Reached skill level 3 in Unarmed Combat
  1226 | D:2      | Reached XP level 4. HP: 27/39 MP: 1/6
  1354 | D:2      | Noticed Robin
  1360 | D:2      | Killed Robin
  1361 | D:2      | Reached skill level 4 in Unarmed Combat
  1430 | D:2      | Noticed Jessica
  1440 | D:2      | Killed Jessica
  2035 | D:2      | Reached XP level 5. HP: 39/45 MP: 0/7
  2072 | D:2      | Reached skill level 5 in Unarmed Combat
  2444 | D:3      | Noticed Sigmund
  2634 | D:3      | Killed Sigmund
  2635 | D:3      | Reached skill level 1 in Air Magic
  2635 | D:3      | Reached XP level 6. HP: 53/53 MP: 0/8
  2772 | D:3      | Found a runed translucent door.
  2773 | D:3      | Noticed Crazy Yiuf
  3158 | D:3      | Noticed Ijyb
  3171 | D:3      | Killed Ijyb
  4133 | D:4      | Reached skill level 1 in Conjurations
  4133 | D:4      | Reached XP level 7. HP: 42/59 MP: 5/10
  4271 | D:4      | Found a staircase to the Ecumenical Temple.
  4301 | Temple   | Entered the Ecumenical Temple
  4528 | Temple   | Became a worshipper of Warmaster Okawaru
  4763 | D:4      | HP: 2/59 [centaur/arrow (10)]
  4769 | D:4      | Shot with an arrow by a centaur

Illustrated notes

Levels and vault maps discovered:
D:1:      minmay_arrival_glassed_features, layout_loops_ring,
          shapermc_ecumenical_altar_mp_ritualfount
D:2:      layout_basic, uniq_robin, uniq_jessica
D:3:      layout_basic, chequers_serial_rivers_small_a, uniq_crazy_yiuf_cottage,
          uniq_sigmund, uniq_ijyb
D:4:      layout_loops_cross, minmay_temple_entry_overgrown, minmay_circle_x
Temple:   mainiacjoe_temple_starburst

Skill      XL: |  1  2  3  4  5  6 |
---------------+-------------------+-----
Unarmed Combat | 1 2 3 4 5 |  5.0
Air Magic      | 1 2 |  2.6
Conjurations   | 1 |  1.6
Dodging        | |  1.5
Stealth        | |  1.0
Spellcasting   | |  2.9
Summonings     | |  0.6
Translocations | |  0.6

Action                   |  1- 3 |  4- 6 |  7- 9 || total
-------------------------+-------+-------+-------++-------
Melee: Unarmed           |   102 |   138 |    29 ||   269
       Punch             |     1 |     5 |     2 ||     8
 Cast: Magic Dart        |    34 |    67 |    12 ||   113
  Use: Scroll            |       |     6 |       ||     6
       Potion            |       |     3 |     1 ||     4
Armor: Robe              |    71 |    55 |     5 ||   131
Dodge: Dodged            |    78 |    80 |     9 ||   167
